 Dungeon Crawl Stone Soup version 0.30-a0-954-gcf5f444c16 (webtiles) character file.

Game seed: 6221010569512042695

2 eliee the Caller (level 1, 0/10 HPs)
             Began as a Kobold Summoner on Mar 29, 2023.
             Slain by a gnoll
             ... wielding a +0 club
              (6 damage)
             ... on level 1 of the Dungeon.
             The game lasted 00:04:39 (429 turns).

eliee the Caller (Kobold Summoner)                   Turns: 429, Time: 00:04:40

Health: 0/10       AC:  2    Str:  5    XL:     1   Next: 33%
Magic:  3/3        EV: 15    Int: 16    God:
Gold:   11         SH:  0    Dex: 15    Spells: 3/4 levels left

rFire   . . .      SeeInvis .    (weapon restricted)
rCold   . . .      Faith    .    (no shield)
rNeg    . . .      Spirit   .    a - +0 robe
rPois   .          Reflect  .    (no helmet)
rElec   .          Rampage  .    (no cloak)
rCorr   .                        (no gloves)
Will    .....                    (no boots)
Stlth   +++                      (no amulet)
HPRegen 0.21/turn                (no ring)
MPRegen 0.08/turn                (no ring)

@: no status effects
A: small, no large weapons, nightstalker 3
a: no special abilities


You were on level 1 of the Dungeon.
You visited 1 branch of the dungeon, and saw 1 of its levels.

You collected 11 gold pieces.

Inventory:

Armour
 a - a +0 robe (worn)
Potions
 b - a potion of magic


   Skills:
 + Level 2.4 Dodging
 + Level 2.6 Stealth
 + Level 2.1 Spellcasting
 + Level 4.1 Summonings


You had 3 spell levels left.
You knew the following spells:

 Your Spells              Type           Power      Damage    Failure   Level
a - Summon Small Mammal   Summ           56%        N/A       3%          1

Your spell library contained the following spells:

 Spells                   Type           Power      Damage    Failure   Level
 Call Imp                 Summ           14%        N/A       6%          2
 Call Canine Familiar     Summ           14%        N/A       12%         3
 Summon Guardian Golem    Hex/Summ       8%         N/A       26%         3
 Summon Lightning Spire   Summ/Air       8%         N/A       65%         4


Dungeon Overview and Level Annotations

Branches:
Dungeon (1/15)

Altars:


Innate Abilities, Weirdness & Mutations

You are small and have problems with some larger weapons.
You are completely attuned to the shadows.


Message History

The frilled lizard barely misses you.
You hit the frilled lizard.
You kill the frilled lizard!
You see here a frilled lizard corpse.
Found a battleaxe.
A rat comes into view.
Your rat bites the rat.
You hit the rat.
You kill the rat!
You see here a +0 battleaxe.
You start waiting.
Your rat disappears in a puff of smoke!
Done waiting.
You start waiting.
Done waiting.
You start waiting.
Done waiting.
Found 13 gold pieces.
A goblin comes into view. It is wielding a +0 dagger.
Casting: Summon Small Mammal (safe; 3% risk of failure)
Confirm with . or Enter, or press ? or * to list all spells.
The goblin shouts!
You hear a shout!
A kobold comes into view. It is wielding a +0 dagger.
Your quokka barely misses the goblin.
Your quokka misses the goblin.
Your quokka closely misses the goblin.
A gnoll comes into view. It is wielding a +0 club.
You closely miss the goblin. The goblin hits you with a +0 dagger.
You closely miss the goblin.
Your quokka bites the goblin.
The gnoll hits you with a +0 club.
The goblin hits your quokka with a +0 dagger.
You closely miss the goblin.
The goblin is heavily wounded.
Your quokka closely misses the goblin.
The gnoll completely misses you. The goblin closely misses you.
You hit the goblin.
You kill the goblin!
The gnoll hits you with a +0 club.
Ouch! That really hurt!
You die...

..# #..##.# ##..##.#
#..... ...##.#
.####....######.##..
. ......... .........
..##.###.#######.###.
...g.............####
.###@#########.....##
#r# #.....## #K #.#
#.....## +. #.#
########+#### #. #.#
##..<..##.####
#.###.#
#.......#.....
#$....#
#.......#.####
#.....# #.......#.# #
#.......#§.≈§≈..#.# #


You could see a gnoll (ally target) and a friendly quokka (summoned).

Vanquished Creatures
  A goblin (D:1)
  A frilled lizard (D:1)
  2 rats (D:1)
4 creatures vanquished.

Notes
Turn   | Place    | Note
-------+----------+-------------------------------------------
     0 | D:1      | eliee the Kobold Summoner began the quest for the Orb.
     0 | D:1      | Reached XP level 1. HP: 10/10 MP: 3/3
   429 | D:1      | Slain by a gnoll

Illustrated notes

Levels and vault maps discovered:
D:1:      lemuel_arrival_lava_pool, layout_basic

Action                     || total
---------------------------++-------
  Melee: Unarmed           ||    11
   Cast: Summon Small Mamm ||     2
  Dodge: Dodged            ||     9

Table legend: (Time is in decaauts)
 A = Elapsed time spent in this place.
 B = Non-inter-level travel time spent in this place.
 C = Inter-level travel time spent in this place.
 D = Time resting spent in this place.
 E = Time spent auto-exploring this place.
 F = Levels seen in this place.
 G = Mean time per level.
                   A        B        C        D        E       F      G
               +--------+--------+--------+--------+--------+-----+--------+
         Total |    429 |    427 |      2 |    300 |      0 |   1 |  429.0 |
       Dungeon |    429 |    427 |      2 |    300 |      0 |   1 |  429.0 |
               +--------+--------+--------+--------+--------+-----+--------+

Top non-repeatable levels by time:
     D:1: 429 daAuts
